WCHLSIM.com - West Coast Hockey League
html PUBLIC "-//W3C//DTD XHTML 1.0 Transitional//EN" "http://www.w3.org/TR/xhtml1/DTD/xhtml1-transitional.dtd"> WCHL - Game 537 - OKANAGAN RATTLESNAKES vs ANCHORAGE ACES

OKANAGAN RATTLESNAKES vs ANCHORAGE ACES

Created - 5 janvier 2023 at 11:15

Goals
1 2 3 T
OKANAGAN RATTLESNAKES 0 0 1 1
ANCHORAGE ACES 1 2 1 4
Shots
1 2 3 T
OKANAGAN RATTLESNAKES 8 3 10 21
ANCHORAGE ACES 13 15 9 37

1st period

1. ANCHORAGE ACES , Phillip Danault 12 (Conor Sheary 6, Jakob Chychrun 7) at 19:22

Penalties :
No Penalty

2nd period

2. ANCHORAGE ACES , Jonathan Audy-Marchessault 14 (Seth Jones 11, Joshua Norris 17) at 1:11
3. ANCHORAGE ACES , Chris Kreider 17 (Jonathan Audy-Marchessault 30, Ryan Pulock 4) at 5:05

Penalties :
Connor McDavid (ANC) for Holding (Minor) at 1:54, Travis Dermott (OKA) for Diving (Minor) at 10:46, Lars Eller (OKA) for Slashing (Minor) at 12:56

3rd period

4. OKANAGAN RATTLESNAKES , Anders Lee 9 (T.J. Oshie 12, Luke Kunin 3) at 6:33 (PP)
5. ANCHORAGE ACES , Phillip Danault 13 (Erik Haula 11, Darcy Kuemper) at 14:59

Penalties :
Justin Faulk (OKA) for Tripping (Minor) at 0:47, Phillip Danault (ANC) for Hooking (Minor) at 5:13, Markus Nutivaara (OKA) for Goalie Interference (Minor) at 6:51, Luke Kunin (OKA) for High sticking (Minor) at 9:08

Goalie Stats

Laurent Brossoit (OKA), 33 saves from 37 shots - (0,892), L, 7-11-0, 60:00 minutes
Darcy Kuemper (ANC), 20 saves from 21 shots - (0,952), W, 22-3-2, 60:00 minutes

Players Stats for OKANAGAN RATTLESNAKES

Player Name              G  A  P  +/- PIM S  H  SB GA TA FO     MP     PP MP  PK MP  
------------------------------------------------------------------------------------
Alexander Wennberg       0  0  0   0  0   0  2  0  0  0  10/17  18:53   2:09   3:43 
Anders Lee               1  0  1  -1  0   1  0  0  0  0  4/18   14:59   0:24   0:18 
Colin White              0  0  0  -2  0   1  1  0  0  0  0/1    13:16   0:00   0:46 
Darren Helm              0  0  0  -2  0   1  1  0  0  0  1/1    14:27   0:46   1:11 
Eric Robinson            0  0  0  -1  0   2  0  0  0  0  0/1     7:14   0:00   0:00 
Jordan Eberle            0  0  0   0  0   3  2  0  0  0  2/4    19:03   2:09   4:09 
Justin Faulk             0  0  0  -2  2   2  1  2  0  0  0/0    24:31   1:13   4:06 
Lars Eller               0  0  0  -1  2   2  1  2  0  0  0/0    14:16   0:00   0:00 
Luke Kunin               0  1  1  -1  2   0  0  0  0  0  3/9     7:37   0:24   0:00 
Markus Nutivaara         0  0  0  -1  2   0  5  0  0  0  0/0    14:41   0:24   1:39 
Mattias Ekholm           0  0  0  -2  0   1  1  3  0  0  0/0    25:33   0:46   5:23 
Mike Hoffman             0  0  0   0  0   2  1  0  0  0  1/2    14:54   2:09   0:00 
Olli Maatta              0  0  0  -1  0   0  0  2  0  0  0/0    17:17   1:42   0:57 
Oskar Sundqvist          0  0  0  -2  0   1  2  1  0  0  5/20   18:16   0:46   5:00 
T.J. Oshie               0  1  1  -1  0   4  1  1  0  0  1/2    20:10   1:10   4:43 
Travis Dermott           0  0  0  -1  2   0  1  1  0  0  0/0    19:26   2:09   2:40 
Tyson Jost               0  0  0  -1  0   1  0  0  0  0  0/0     7:14   0:00   0:00 
Victor Mete              0  0  0  -1  0   0  0  1  0  0  0/0    18:13   0:24   5:05 

Players Stats for ANCHORAGE ACES

Player Name              G  A  P  +/- PIM S  H  SB GA TA FO     MP     PP MP  PK MP  
------------------------------------------------------------------------------------
Ben Chiarot              0  0  0   1  0   0  2  1  0  0  0/0    18:30   0:00   1:14 
Brad Richardson          0  0  0   0  0   0  0  0  0  0  0/0     5:32   0:00   0:00 
Casey Cizikas            0  0  0   0  0   0  0  0  0  0  5/5     5:32   0:00   0:00 
Chris Kreider            1  0  1   2  0   4  1  0  0  0  1/1    18:31   4:07   1:02 
Connor McDavid           0  0  0   0  2   6  0  0  0  0  19/31  21:50   5:48   0:00 
Conor Sheary             0  1  1   2  0   1  1  0  0  0  1/2    11:49   0:00   0:00 
Dominik Simon            0  0  0   0  0   0  1  0  0  0  0/0     8:14   0:25   2:17 
Erik Haula               0  1  1   2  0   1  2  0  0  0  0/1    12:51   0:00   1:02 
Jakob Chychrun           0  1  1   1  0   0  0  1  0  0  0/0    20:48   4:14   2:05 
Jani Hakanpaa            0  0  0   1  0   0  0  0  0  0  0/0    22:34   4:14   2:05 
Jonathan Audy-Marchessau 1  1  2   2  0   7  1  0  0  0  0/0    18:45   5:23   0:00 
Joshua Norris            0  1  1   2  0   3  1  0  0  0  11/16  17:29   4:07   0:00 
Nathan MacKinnon         0  0  0   0  0   4  0  0  0  0  0/1    21:44   5:41   0:00 
Nikolaj Ehlers           0  0  0   0  0   3  0  0  0  0  1/1    22:45   5:48   0:54 
Phillip Danault          2  0  2   2  2   7  1  0  0  0  10/17  17:18   4:07   1:23 
Robert Bortuzzo          0  0  0   2  0   0  1  1  0  0  0/0    15:01   0:00   0:00 
Ryan Pulock              0  1  1   2  0   1  2  1  0  0  0/0    14:29   0:00   1:14 
Seth Jones               0  1  1   1  0   0  2  2  0  0  0/0    22:57   5:41   0:00 

3 Stars

1 - Phillip Danault (ANC)
2 - Jonathan Audy-Marchessault (ANC)
3 - Chris Kreider (ANC)

Power Play

OKANAGAN RATTLESNAKES - 1 on 2 Attempt(s) - 50,00%
ANCHORAGE ACES - 0 on 5 Attempt(s) - 0,00%

Penalty Kill

OKANAGAN RATTLESNAKES - 5 on 5 Attempt(s) - 100,00% - Score 0 goal in Penalty Kill
ANCHORAGE ACES - 1 on 2 Attempt(s) - 50,00% - Score 0 goal in Penalty Kill

Team Stat

OKANAGAN RATTLESNAKES - Hits : 19 - Faceoff Wins : 27 - Blocked Shots : 13 - Penalty Minutes : 10
ANCHORAGE ACES - Hits : 15 - Faceoff Wins : 48 - Blocked Shots : 6 - Penalty Minutes : 4

Official

Referees : Eric Furlatt and Troy Paterson
Linesman : Derek Wahl and Brian Murphy

Game Notes

No Game Note

Finance

Level 1 -- Attendance: 5699 (94,98%) -- Ticket Income 1 139 800 $
Level 2 -- Attendance: 4825 (96,50%) -- Ticket Income 603 125 $
Level 3 -- Attendance: 2000 (100,00%) -- Ticket Income 208 000 $
Level 4 -- Attendance: 4000 (100,00%) -- Ticket Income 280 000 $
Luxury Box -- Attendance: 914 (91,40%) -- Ticket Income 297 050 $
Game was played at the Alaska Center.
Total Attendance: 17438 (96,88%)
Total Ticket Income: 2 527 975 $
Other Expense: 25 280 $
Total Income: 2 502 695 $

OKANAGAN RATTLESNAKES

5 vs 5 Forward 
   Center                   Left Wing                Right Wing               Time % Phy DF OF 
 1 Anders Lee               Lars Eller               T.J. Oshie               36     1   2  2  
 2 Alexander Wennberg       Mike Hoffman             Jordan Eberle            31     1   2  2  
 3 Oskar Sundqvist          Darren Helm              Colin White              23     1   2  2  
 4 Luke Kunin               Eric Robinson            Tyson Jost               10     1   2  2  

5 vs 5 Defense 
   Defense                  Defense                                           Time % Phy DF OF 
 1 Justin Faulk             Mattias Ekholm                                    36     1   2  2  
 2 Markus Nutivaara         Victor Mete                                       31     1   2  2  
 3 Olli Maatta              Travis Dermott                                    23     1   2  2  
 4 Mattias Ekholm           Justin Faulk                                      10     1   2  2  

PowerPlay Forward 
   Center                   Left Wing                Right Wing               Time % Phy DF OF 
 1 T.J. Oshie               Darren Helm              Oskar Sundqvist          55     1   2  2  
 2 Alexander Wennberg       Mike Hoffman             Jordan Eberle            45     1   2  2  

PowerPlay Defense
   Defense                  Defense                                           Time % Phy DF OF 
 1 Travis Dermott           Justin Faulk                                      55     1   2  2  
 2 Olli Maatta              Mattias Ekholm                                    45     1   2  2  

Penalty Kill 4 Players Forward 
   Center                   Wing                     Time % Phy DF OF 
 1 Oskar Sundqvist          Alexander Wennberg       55     1   2  2  
 2 Jordan Eberle            T.J. Oshie               45     1   2  2  

Penalty Kill 4 Players Defense
   Defense                  Defense                  Time % Phy DF OF 
 1 Travis Dermott           Mattias Ekholm           55     1   2  2  
 2 Victor Mete              Justin Faulk             45     1   2  2  

Penalty Kill - 3 Players Forward 
   Forward                                           Time % Phy DF OF 
 1 Jordan Eberle                                     55     1   2  2  
 2 Oskar Sundqvist                                   45     1   2  2  

Penalty Kill - 3 Players Defense
   Defense                  Defense                  Time % Phy DF OF 
 1 Travis Dermott           Justin Faulk             55     1   2  2  
 2 Olli Maatta              Mattias Ekholm           45     1   2  2  

4 vs 4 Forward 
   Center                   Wing                     Time % Phy DF OF 
 1 Alexander Wennberg       Oskar Sundqvist          55     1   2  2  
 2 Jordan Eberle            T.J. Oshie               45     1   2  2  

4 vs 4 Defense
   Defense                  Defense                  Time % Phy DF OF 
 1 Justin Faulk             Travis Dermott           55     1   2  2  
 2 Markus Nutivaara         Mattias Ekholm           45     1   2  2  

Last Minutes Offensive
   Center                   Left Wing                Right Wing               Defense                  Defense                  
   Anders Lee               Lars Eller               T.J. Oshie               Justin Faulk             Mattias Ekholm           

Last Minutes Defensive
   Center                   Left Wing                Right Wing               Defense                  Defense                  
   Anders Lee               Lars Eller               T.J. Oshie               Justin Faulk             Mattias Ekholm           

Goaltenders
Starting : Laurent Brossoit         
Backup : Ville Husso              

Extra Forwards
Normal : Oskar Sundqvist, Colin White, Darren Helm - PP : Oskar Sundqvist, Colin White - PK : Darren Helm
Extra Defensemen
Normal : Mattias Ekholm, Travis Dermott, Justin Faulk - PP : Mattias Ekholm - PK : Travis Dermott, Mattias Ekholm
Penalty Shots
T.J. Oshie, Darren Helm, Jordan Eberle, Oskar Sundqvist, Alexander Wennberg
Custom OT Lines Forwards
T.J. Oshie, Anders Lee, Jordan Eberle, Lars Eller, Alexander Wennberg, Mike Hoffman, Oskar Sundqvist, Colin White, Darren Helm, Eric Robinson
Custom OT Lines Defensemen
Travis Dermott, Mattias Ekholm, Markus Nutivaara, Victor Mete, Justin Faulk

Scratches
Kevin Labanc (Healthy), Ryan Reaves (Healthy), Carter Hutton (Healthy)

ANCHORAGE ACES

5 vs 5 Forward 
   Center                   Left Wing                Right Wing               Time % Phy DF OF 
 1 Connor McDavid           Nikolaj Ehlers           Nathan MacKinnon         36     0   1  4  
 2 Joshua Norris            Chris Kreider            Jonathan Audy-Marchessaul31     0   2  3  
 3 Phillip Danault          Erik Haula               Conor Sheary             23     0   2  3  
 4 Casey Cizikas            Dominik Simon            Brad Richardson          10     1   2  2  

5 vs 5 Defense 
   Defense                  Defense                                           Time % Phy DF OF 
 1 Seth Jones               Ben Chiarot                                       33     1   2  2  
 2 Jani Hakanpaa            Jakob Chychrun                                    33     1   2  2  
 3 Robert Bortuzzo          Ryan Pulock                                       21     1   2  2  
 4 Robert Bortuzzo          Jani Hakanpaa                                     13     1   2  2  

PowerPlay Forward 
   Center                   Left Wing                Right Wing               Time % Phy DF OF 
 1 Connor McDavid           Nikolaj Ehlers           Jonathan Audy-Marchessaul55     0   0  5  
 2 Joshua Norris            Chris Kreider            Phillip Danault          45     0   1  4  

PowerPlay Defense
   Defense                  Defense                                           Time % Phy DF OF 
 1 Seth Jones               Nathan MacKinnon                                  50     1   2  2  
 2 Jakob Chychrun           Jani Hakanpaa                                     50     1   2  2  

Penalty Kill 4 Players Forward 
   Center                   Wing                     Time % Phy DF OF 
 1 Phillip Danault          Dominik Simon            50     1   2  2  
 2 Erik Haula               Chris Kreider            50     1   2  2  

Penalty Kill 4 Players Defense
   Defense                  Defense                  Time % Phy DF OF 
 1 Ben Chiarot              Ryan Pulock              50     1   2  2  
 2 Jakob Chychrun           Jani Hakanpaa            50     1   2  2  

Penalty Kill - 3 Players Forward 
   Forward                                           Time % Phy DF OF 
 1 Phillip Danault                                   55     1   2  2  
 2 Erik Haula                                        45     1   2  2  

Penalty Kill - 3 Players Defense
   Defense                  Defense                  Time % Phy DF OF 
 1 Jakob Chychrun           Seth Jones               55     1   2  2  
 2 Robert Bortuzzo          Jani Hakanpaa            45     1   2  2  

4 vs 4 Forward 
   Center                   Wing                     Time % Phy DF OF 
 1 Connor McDavid           Phillip Danault          50     1   2  2  
 2 Joshua Norris            Nathan MacKinnon         50     1   2  2  

4 vs 4 Defense
   Defense                  Defense                  Time % Phy DF OF 
 1 Seth Jones               Ben Chiarot              55     1   2  2  
 2 Ryan Pulock              Jani Hakanpaa            45     1   2  2  

Last Minutes Offensive
   Center                   Left Wing                Right Wing               Defense                  Defense                  
   Nathan MacKinnon         Connor McDavid           Chris Kreider            Seth Jones               Ben Chiarot              

Last Minutes Defensive
   Center                   Left Wing                Right Wing               Defense                  Defense                  
   Nathan MacKinnon         Connor McDavid           Chris Kreider            Seth Jones               Ben Chiarot              

Goaltenders
Starting : Darcy Kuemper            
Backup : Brian Elliott            

Extra Forwards
Normal : Nikolaj Ehlers, Nathan MacKinnon, Connor McDavid - PP : Chris Kreider, Jonathan Audy-Marchessault - PK : Nikolaj Ehlers
Extra Defensemen
Normal : Ben Chiarot, Seth Jones, Robert Bortuzzo - PP : Ben Chiarot - PK : Jakob Chychrun, Seth Jones
Penalty Shots
Connor McDavid, Nathan MacKinnon, Chris Kreider, Jonathan Audy-Marchessault, Joshua Norris
Custom OT Lines Forwards
Nathan MacKinnon, Chris Kreider, Connor McDavid, Jonathan Audy-Marchessault, Joshua Norris, Nikolaj Ehlers, Phillip Danault, Conor Sheary, Erik Haula, Casey Cizikas
Custom OT Lines Defensemen
Ben Chiarot, Seth Jones, Jakob Chychrun, Robert Bortuzzo, Jani Hakanpaa

Scratches
Andrew Ladd (Left Eye Injury), Jordie Benn (Healthy)

% Time on Ice - OKANAGAN RATTLESNAKES

Lines # - Real PCT - Wanted PCT - Time Play
Normal Forward
1 - 31% - 36% - 14:17
2 - 27% - 31% - 12:45
3 - 27% - 23% - 12:30
4 - 15% - 10% - 7:14
Normal Defense
1 - 37% - 36% - 17:06
2 - 27% - 31% - 12:44
3 - 31% - 23% - 14:38
4 - 5% - 10% - 2:18
PP Forward
1 - 23% - 55% - 0:46
2 - 77% - 45% - 2:33
PP Defense
1 - 77% - 55% - 2:33
2 - 23% - 45% - 0:46
PK Forward
1 - 52% - 55% - 5:12
2 - 48% - 45% - 4:43
PK Defense
1 - 37% - 55% - 3:38
2 - 63% - 45% - 6:17
PK3 Forward
1 - 0% - 55%
2 - 0% - 45%
PK3 Defense
1 - 0% - 55%
2 - 0% - 45%
44 Forward
1 - 0% - 55%
2 - 0% - 45%
44 Defense
1 - 0% - 55%
2 - 0% - 45%
Last Minute Offensive  - 0:00
Last Minute Defensive  - 0:00
Total
Forward - 60:00
Defense - 60:00

% Time on Ice - ANCHORAGE ACES

Lines # - Real PCT - Wanted PCT - Time Play
Normal Forward
1 - 34% - 36% - 16:03
2 - 29% - 31% - 13:22
3 - 25% - 23% - 11:49
4 - 12% - 10% - 5:32
Normal Defense
1 - 37% - 33% - 17:16
2 - 31% - 33% - 14:29
3 - 28% - 21% - 13:15
4 - 4% - 13% - 1:46
PP Forward
1 - 58% - 55% - 5:48
2 - 42% - 45% - 4:07
PP Defense
1 - 57% - 50% - 5:41
2 - 43% - 50% - 4:14
PK Forward
1 - 69% - 50% - 2:17
2 - 31% - 50% - 1:02
PK Defense
1 - 37% - 50% - 1:14
2 - 63% - 50% - 2:05
PK3 Forward
1 - 0% - 55%
2 - 0% - 45%
PK3 Defense
1 - 0% - 55%
2 - 0% - 45%
44 Forward
1 - 0% - 50%
2 - 0% - 50%
44 Defense
1 - 0% - 55%
2 - 0% - 45%
Last Minute Offensive  - 0:00
Last Minute Defensive  - 0:00
Total
Forward - 60:00
Defense - 60:00

Play-by-Play

1st period


0:01 of 1st period - Connor McDavid wins face-off versus Anders Lee in neutral zone.
0:43 of 1st period - Shot by Connor McDavid.
0:43 of 1st period - Stopped by Laurent Brossoit with a rebound.
0:45 of 1st period - Shot by Nathan MacKinnon.
0:45 of 1st period - Stopped by Laurent Brossoit without a rebound.
0:46 of 1st period - Alexander Wennberg wins face-off versus Joshua Norris in OKANAGAN RATTLESNAKES zone.
0:58 of 1st period - Shot by Chris Kreider.
0:58 of 1st period - Stopped by Laurent Brossoit with a rebound.
1:10 of 1st period - Joshua Norris is hit by Alexander Wennberg and loses puck.
1:32 of 1st period - Icing by Jani Hakanpaa.
1:33 of 1st period - Joshua Norris wins face-off versus Oskar Sundqvist in ANCHORAGE ACES zone.
2:21 of 1st period - Shot by Justin Faulk.
2:21 of 1st period - Stopped by Darcy Kuemper without a rebound.
2:22 of 1st period - Casey Cizikas wins face-off versus Eric Robinson in ANCHORAGE ACES zone.
3:34 of 1st period - Ryan Pulock is hit by T.J. Oshie and loses puck.
4:04 of 1st period - Icing by Nikolaj Ehlers.
4:05 of 1st period - Connor McDavid wins face-off versus Jordan Eberle in ANCHORAGE ACES zone.
4:25 of 1st period - Shot by Jordan Eberle.
4:25 of 1st period - Stopped by Darcy Kuemper without a rebound.
4:26 of 1st period - Conor Sheary wins face-off versus Oskar Sundqvist in ANCHORAGE ACES zone.
4:32 of 1st period - Icing by Jani Hakanpaa.
4:33 of 1st period - Alexander Wennberg wins face-off versus Phillip Danault in ANCHORAGE ACES zone.
4:58 of 1st period - Justin Faulk is hit by Erik Haula and loses puck.
6:13 of 1st period - Erik Haula is hit by Markus Nutivaara and loses puck.
6:22 of 1st period - Shot by Lars Eller.
6:22 of 1st period - Stopped by Darcy Kuemper with a rebound.
7:33 of 1st period - Off-side.
7:34 of 1st period - Joshua Norris wins face-off versus Alexander Wennberg in neutral zone.
7:34 of 1st period - Jonathan Audy-Marchessault is hit by Alexander Wennberg and loses puck.
7:54 of 1st period - Off-side.
7:55 of 1st period - Connor McDavid wins face-off versus Anders Lee in neutral zone.
8:23 of 1st period - Shot by Nikolaj Ehlers.
8:23 of 1st period - Stopped by Laurent Brossoit without a rebound.
8:24 of 1st period - Joshua Norris wins face-off versus Oskar Sundqvist in OKANAGAN RATTLESNAKES zone.
8:43 of 1st period - Shot by Chris Kreider.
8:43 of 1st period - Shot Hit the Post.
8:45 of 1st period - Shot by Jonathan Audy-Marchessault.
8:45 of 1st period - Deflect By Joshua Norris.
8:45 of 1st period - Shot Misses the Net.
9:07 of 1st period - Shot by Chris Kreider.
9:07 of 1st period - Deflect By Joshua Norris.
9:07 of 1st period - Stopped by Laurent Brossoit without a rebound.
9:08 of 1st period - Connor McDavid wins face-off versus Mike Hoffman in OKANAGAN RATTLESNAKES zone.
9:08 of 1st period - Connor McDavid is hit by Mattias Ekholm.
9:30 of 1st period - Shot by Nikolaj Ehlers.
9:30 of 1st period - Stopped by Laurent Brossoit without a rebound.
9:31 of 1st period - Casey Cizikas wins face-off versus Anders Lee in OKANAGAN RATTLESNAKES zone.
9:46 of 1st period - Shot by T.J. Oshie.
9:46 of 1st period - Stopped by Darcy Kuemper without a rebound.
9:47 of 1st period - Joshua Norris wins face-off versus Alexander Wennberg in ANCHORAGE ACES zone.
9:58 of 1st period - Shot by Chris Kreider.
9:58 of 1st period - Shot Blocked by Justin Faulk.
10:18 of 1st period - Jordan Eberle is hit by Ryan Pulock and loses puck.
10:57 of 1st period - T.J. Oshie is hit by Joshua Norris and loses puck.
11:28 of 1st period - Shot by Nathan MacKinnon.
11:28 of 1st period - Shot Misses the Net.
11:32 of 1st period - Shot by Nathan MacKinnon.
11:32 of 1st period - Shot Blocked by T.J. Oshie.
12:28 of 1st period - Shot by Colin White.
12:28 of 1st period - Stopped by Darcy Kuemper with a rebound.
12:36 of 1st period - Shot by Darren Helm.
12:36 of 1st period - Stopped by Darcy Kuemper without a rebound.
12:37 of 1st period - Phillip Danault wins face-off versus Luke Kunin in ANCHORAGE ACES zone.
13:20 of 1st period - Eric Robinson is hit by Seth Jones and loses puck.
13:32 of 1st period - Mike Hoffman is hit by Ben Chiarot and loses puck.
13:35 of 1st period - Shot by Mike Hoffman.
13:35 of 1st period - Stopped by Darcy Kuemper without a rebound.
13:36 of 1st period - Connor McDavid wins face-off versus Oskar Sundqvist in ANCHORAGE ACES zone.
13:36 of 1st period - Connor McDavid is hit by Darren Helm.
13:44 of 1st period - Shot by Connor McDavid.
13:44 of 1st period - Stopped by Laurent Brossoit without a rebound.
13:45 of 1st period - Connor McDavid wins face-off versus Anders Lee in OKANAGAN RATTLESNAKES zone.
14:37 of 1st period - Off-side.
14:38 of 1st period - Alexander Wennberg wins face-off versus Joshua Norris in neutral zone.
14:48 of 1st period - Icing by Jordan Eberle.
14:49 of 1st period - Joshua Norris wins face-off versus Alexander Wennberg in OKANAGAN RATTLESNAKES zone.
14:54 of 1st period - Shot by Jonathan Audy-Marchessault.
14:54 of 1st period - Stopped by Laurent Brossoit with a rebound.
15:04 of 1st period - Ben Chiarot is hit by Mike Hoffman and loses puck.
17:03 of 1st period - Icing by Seth Jones.
17:04 of 1st period - Joshua Norris wins face-off versus Luke Kunin in ANCHORAGE ACES zone.
17:16 of 1st period - Icing by Jonathan Audy-Marchessault.
17:17 of 1st period - Joshua Norris wins face-off versus Alexander Wennberg in ANCHORAGE ACES zone.
17:48 of 1st period - Shot by Nikolaj Ehlers.
17:48 of 1st period - Stopped by Laurent Brossoit without a rebound.
17:49 of 1st period - Casey Cizikas wins face-off versus Anders Lee in OKANAGAN RATTLESNAKES zone.
18:24 of 1st period - Off-side.
18:25 of 1st period - Connor McDavid wins face-off versus Oskar Sundqvist in neutral zone.
18:51 of 1st period - Shot by Connor McDavid.
18:51 of 1st period - Stopped by Laurent Brossoit with a rebound.
18:53 of 1st period - Shot by Connor McDavid.
18:53 of 1st period - Stopped by Laurent Brossoit without a rebound.
18:54 of 1st period - Mike Hoffman wins face-off versus Phillip Danault in OKANAGAN RATTLESNAKES zone.
18:54 of 1st period - Mike Hoffman is hit by Phillip Danault.
19:00 of 1st period - Shot by Jordan Eberle.
19:00 of 1st period - Stopped by Darcy Kuemper without a rebound.
19:01 of 1st period - Anders Lee wins face-off versus Phillip Danault in ANCHORAGE ACES zone.
19:20 of 1st period - Shot by Phillip Danault.
19:20 of 1st period - Stopped by Laurent Brossoit with a rebound.
19:22 of 1st period - Shot by Phillip Danault.
19:22 of 1st period - Goal by Phillip Danault - OKANAGAN RATTLESNAKES : 0 - ANCHORAGE ACES : 1.
19:23 of 1st period - Alexander Wennberg wins face-off versus Connor McDavid in neutral zone.
19:34 of 1st period - Shot by Nathan MacKinnon.
19:34 of 1st period - Shot Misses the Net.
19:36 of 1st period - Shot by Connor McDavid.
19:36 of 1st period - Shot Blocked by Olli Maatta.
19:38 of 1st period - Shot by Connor McDavid.
19:38 of 1st period - Deflect By Nathan MacKinnon.
19:38 of 1st period - Shot Misses the Net.
Goals for this period are 0 for OKANAGAN RATTLESNAKES vs 1 for ANCHORAGE ACES.
Shots for this period are 8 for OKANAGAN RATTLESNAKES vs 13 for ANCHORAGE ACES.

2nd period


0:01 of 2nd period - Connor McDavid wins face-off versus Anders Lee in neutral zone.
0:12 of 2nd period - Shot by Nathan MacKinnon.
0:12 of 2nd period - Stopped by Laurent Brossoit with a rebound.
0:39 of 2nd period - Shot by Connor McDavid.
0:39 of 2nd period - Stopped by Laurent Brossoit with a rebound.
0:41 of 2nd period - Shot by Connor McDavid.
0:41 of 2nd period - Shot Blocked by Lars Eller.
0:43 of 2nd period - Shot by Connor McDavid.
0:43 of 2nd period - Stopped by Laurent Brossoit with a rebound.
1:05 of 2nd period - Shot by Joshua Norris.
1:05 of 2nd period - Shot Misses the Net.
1:07 of 2nd period - Shot by Jonathan Audy-Marchessault.
1:07 of 2nd period - Shot Blocked by Mattias Ekholm.
1:09 of 2nd period - Shot by Seth Jones.
1:09 of 2nd period - Shot Blocked by Justin Faulk.
1:11 of 2nd period - Shot by Jonathan Audy-Marchessault.
1:11 of 2nd period - Goal by Jonathan Audy-Marchessault - OKANAGAN RATTLESNAKES : 0 - ANCHORAGE ACES : 2.
1:12 of 2nd period - Alexander Wennberg wins face-off versus Conor Sheary in neutral zone.
1:37 of 2nd period - Shot by Phillip Danault.
1:37 of 2nd period - Stopped by Laurent Brossoit without a rebound.
1:38 of 2nd period - Connor McDavid wins face-off versus Oskar Sundqvist in OKANAGAN RATTLESNAKES zone.
1:54 of 2nd period - Minor Penalty to Connor McDavid for Holding.
1:55 of 2nd period - Alexander Wennberg wins face-off versus Phillip Danault in ANCHORAGE ACES zone.
2:29 of 2nd period - Off-side.
2:30 of 2nd period - T.J. Oshie wins face-off versus Erik Haula in neutral zone.
3:23 of 2nd period - Alexander Wennberg is hit by Dominik Simon and loses puck.
3:36 of 2nd period - Shot by Justin Faulk.
3:36 of 2nd period - Shot Misses the Net.
3:55 of 2nd period - Alexander Wennberg is hit by Seth Jones and loses puck.
5:05 of 2nd period - Shot by Chris Kreider.
5:05 of 2nd period - Goal by Chris Kreider - OKANAGAN RATTLESNAKES : 0 - ANCHORAGE ACES : 3.
5:06 of 2nd period - Phillip Danault wins face-off versus Anders Lee in neutral zone.
5:10 of 2nd period - Off-side.
5:11 of 2nd period - Chris Kreider wins face-off versus Anders Lee in neutral zone.
5:48 of 2nd period - Shot by Jonathan Audy-Marchessault.
5:48 of 2nd period - Stopped by Laurent Brossoit with a rebound.
5:50 of 2nd period - Shot by Jonathan Audy-Marchessault.
5:50 of 2nd period - Stopped by Laurent Brossoit without a rebound.
5:51 of 2nd period - Connor McDavid wins face-off versus Alexander Wennberg in OKANAGAN RATTLESNAKES zone.
6:06 of 2nd period - Shot by Nathan MacKinnon.
6:06 of 2nd period - Shot Misses the Net.
6:26 of 2nd period - Shot by Jordan Eberle.
6:26 of 2nd period - Shot Blocked by Jakob Chychrun.
6:28 of 2nd period - Shot by Travis Dermott.
6:28 of 2nd period - Shot Misses the Net.
7:30 of 2nd period - Shot by Chris Kreider.
7:30 of 2nd period - Stopped by Laurent Brossoit with a rebound.
7:48 of 2nd period - Icing by Colin White.
7:49 of 2nd period - Phillip Danault wins face-off versus Oskar Sundqvist in OKANAGAN RATTLESNAKES zone.
7:52 of 2nd period - Shot by Phillip Danault.
7:52 of 2nd period - Stopped by Laurent Brossoit with a rebound.
8:10 of 2nd period - Shot by Erik Haula.
8:10 of 2nd period - Deflect By Conor Sheary.
8:10 of 2nd period - Stopped by Laurent Brossoit without a rebound.
8:11 of 2nd period - Alexander Wennberg wins face-off versus Connor McDavid in OKANAGAN RATTLESNAKES zone.
9:29 of 2nd period - Shot by Conor Sheary.
9:29 of 2nd period - Shot Blocked by Travis Dermott.
10:37 of 2nd period - Ryan Pulock is hit by Jordan Eberle.
10:46 of 2nd period - Minor Penalty to Travis Dermott for Diving.
10:47 of 2nd period - Oskar Sundqvist wins face-off versus Connor McDavid in OKANAGAN RATTLESNAKES zone.
10:47 of 2nd period - Oskar Sundqvist is hit by Jonathan Audy-Marchessault.
12:40 of 2nd period - Shot by Nikolaj Ehlers.
12:40 of 2nd period - Shot Misses the Net.
12:47 of 2nd period - Icing by Nikolaj Ehlers.
12:48 of 2nd period - Casey Cizikas wins face-off versus Anders Lee in ANCHORAGE ACES zone.
12:52 of 2nd period - Brad Richardson is hit by Lars Eller and loses puck.
12:56 of 2nd period - Minor Penalty to Lars Eller for Slashing.
12:57 of 2nd period - Connor McDavid wins face-off versus Colin White in OKANAGAN RATTLESNAKES zone.
12:58 of 2nd period - Shot by Nikolaj Ehlers.
12:58 of 2nd period - Deflect By Jonathan Audy-Marchessault.
12:58 of 2nd period - Stopped by Laurent Brossoit with a rebound.
13:00 of 2nd period - Shot by Nathan MacKinnon.
13:00 of 2nd period - Stopped by Laurent Brossoit without a rebound.
13:01 of 2nd period - Oskar Sundqvist wins face-off versus Joshua Norris in OKANAGAN RATTLESNAKES zone.
13:20 of 2nd period - Justin Faulk is hit by Chris Kreider and loses puck.
14:33 of 2nd period - Shot by Connor McDavid.
14:33 of 2nd period - Shot Blocked by Mattias Ekholm.
15:15 of 2nd period - Shot by Tyson Jost.
15:15 of 2nd period - Shot Misses the Net.
15:17 of 2nd period - Shot by Luke Kunin.
15:17 of 2nd period - Shot Blocked by Robert Bortuzzo.
15:37 of 2nd period - Shot by Colin White.
15:37 of 2nd period - Shot Blocked by Ryan Pulock.
15:59 of 2nd period - Shot by Oskar Sundqvist.
15:59 of 2nd period - Shot Misses the Net.
16:17 of 2nd period - Shot by Lars Eller.
16:17 of 2nd period - Stopped by Darcy Kuemper with a rebound.
16:19 of 2nd period - Shot by T.J. Oshie.
16:19 of 2nd period - Stopped by Darcy Kuemper without a rebound.
16:20 of 2nd period - Luke Kunin wins face-off versus Phillip Danault in ANCHORAGE ACES zone.
16:25 of 2nd period - Shot by Eric Robinson.
16:25 of 2nd period - Stopped by Darcy Kuemper without a rebound.
16:26 of 2nd period - Connor McDavid wins face-off versus Luke Kunin in ANCHORAGE ACES zone.
17:23 of 2nd period - Icing by Connor McDavid.
17:24 of 2nd period - Anders Lee wins face-off versus Connor McDavid in ANCHORAGE ACES zone.
18:09 of 2nd period - Off-side.
18:10 of 2nd period - Oskar Sundqvist wins face-off versus Joshua Norris in neutral zone.
18:27 of 2nd period - Shot by Chris Kreider.
18:27 of 2nd period - Shot Misses the Net.
18:29 of 2nd period - Shot by Jonathan Audy-Marchessault.
18:29 of 2nd period - Shot Misses the Net.
18:31 of 2nd period - Shot by Jakob Chychrun.
18:31 of 2nd period - Shot Blocked by Oskar Sundqvist.
18:45 of 2nd period - Shot by Jonathan Audy-Marchessault.
18:45 of 2nd period - Shot Blocked by Victor Mete.
19:38 of 2nd period - Shot by Phillip Danault.
19:38 of 2nd period - Stopped by Laurent Brossoit with a rebound.
19:44 of 2nd period - Shot by Ryan Pulock.
19:44 of 2nd period - Stopped by Laurent Brossoit with a rebound.
Goals for this period are 0 for OKANAGAN RATTLESNAKES vs 2 for ANCHORAGE ACES.
Shots for this period are 3 for OKANAGAN RATTLESNAKES vs 15 for ANCHORAGE ACES.

3rd period


0:01 of 3rd period - Anders Lee wins face-off versus Connor McDavid in neutral zone.
0:40 of 3rd period - Icing by Justin Faulk.
0:41 of 3rd period - Joshua Norris wins face-off versus Anders Lee in OKANAGAN RATTLESNAKES zone.
0:41 of 3rd period - Joshua Norris is hit by Justin Faulk.
0:47 of 3rd period - Shot by Chris Kreider.
0:47 of 3rd period - Stopped by Laurent Brossoit without a rebound.
0:47 of 3rd period - Minor Penalty to Justin Faulk for Tripping.
0:48 of 3rd period - Phillip Danault wins face-off versus Oskar Sundqvist in OKANAGAN RATTLESNAKES zone.
1:07 of 3rd period - Phillip Danault is hit by Oskar Sundqvist.
1:29 of 3rd period - Shot by Joshua Norris.
1:29 of 3rd period - Stopped by Laurent Brossoit without a rebound.
1:30 of 3rd period - Jordan Eberle wins face-off versus Connor McDavid in OKANAGAN RATTLESNAKES zone.
2:11 of 3rd period - Shot by Connor McDavid.
2:11 of 3rd period - Shot Blocked by Mattias Ekholm.
2:38 of 3rd period - Icing by Nathan MacKinnon.
2:39 of 3rd period - Joshua Norris wins face-off versus Oskar Sundqvist in ANCHORAGE ACES zone.
2:59 of 3rd period - Icing by Eric Robinson.
3:00 of 3rd period - Luke Kunin wins face-off versus Phillip Danault in OKANAGAN RATTLESNAKES zone.
3:00 of 3rd period - Luke Kunin is hit by Erik Haula.
3:16 of 3rd period - Shot by Tyson Jost.
3:16 of 3rd period - Stopped by Darcy Kuemper without a rebound.
3:17 of 3rd period - Connor McDavid wins face-off versus Oskar Sundqvist in ANCHORAGE ACES zone.
3:29 of 3rd period - Shot by Nikolaj Ehlers.
3:29 of 3rd period - Shot Misses the Net.
3:31 of 3rd period - Shot by Nathan MacKinnon.
3:31 of 3rd period - Shot Hit the Post.
3:33 of 3rd period - Shot by Nathan MacKinnon.
3:33 of 3rd period - Shot Misses the Net.
3:58 of 3rd period - Connor McDavid is hit by Colin White and loses puck.
5:10 of 3rd period - Icing by Justin Faulk.
5:11 of 3rd period - Darren Helm wins face-off versus Phillip Danault in OKANAGAN RATTLESNAKES zone.
5:13 of 3rd period - Minor Penalty to Phillip Danault for Hooking.
5:14 of 3rd period - Nikolaj Ehlers wins face-off versus Alexander Wennberg in ANCHORAGE ACES zone.
5:25 of 3rd period - Shot by Mike Hoffman.
5:25 of 3rd period - Shot Misses the Net.
6:33 of 3rd period - Shot by Anders Lee.
6:33 of 3rd period - Goal by Anders Lee - OKANAGAN RATTLESNAKES : 1 - ANCHORAGE ACES : 3.
6:34 of 3rd period - Phillip Danault wins face-off versus Luke Kunin in neutral zone.
6:36 of 3rd period - Off-side.
6:37 of 3rd period - Phillip Danault wins face-off versus T.J. Oshie in neutral zone.
6:50 of 3rd period - Shot by Erik Haula.
6:50 of 3rd period - Shot Blocked by Lars Eller.
6:51 of 3rd period - Minor Penalty to Markus Nutivaara for Goalie Interference.
6:52 of 3rd period - Connor McDavid wins face-off versus Oskar Sundqvist in OKANAGAN RATTLESNAKES zone.
7:24 of 3rd period - Off-side.
7:25 of 3rd period - Jordan Eberle wins face-off versus Joshua Norris in neutral zone.
8:32 of 3rd period - Icing by Connor McDavid.
8:33 of 3rd period - Oskar Sundqvist wins face-off versus Connor McDavid in ANCHORAGE ACES zone.
9:05 of 3rd period - Casey Cizikas is hit by Markus Nutivaara.
9:08 of 3rd period - Minor Penalty to Luke Kunin for High sticking.
9:09 of 3rd period - Connor McDavid wins face-off versus Oskar Sundqvist in OKANAGAN RATTLESNAKES zone.
9:16 of 3rd period - Shot by Nathan MacKinnon.
9:16 of 3rd period - Stopped by Laurent Brossoit without a rebound.
9:17 of 3rd period - Connor McDavid wins face-off versus Oskar Sundqvist in OKANAGAN RATTLESNAKES zone.
9:57 of 3rd period - Icing by Connor McDavid.
9:58 of 3rd period - Connor McDavid wins face-off versus Jordan Eberle in ANCHORAGE ACES zone.
11:01 of 3rd period - Shot by Joshua Norris.
11:01 of 3rd period - Stopped by Laurent Brossoit without a rebound.
11:02 of 3rd period - Joshua Norris wins face-off versus Oskar Sundqvist in OKANAGAN RATTLESNAKES zone.
11:11 of 3rd period - Shot by Phillip Danault.
11:11 of 3rd period - Shot Misses the Net.
11:26 of 3rd period - Icing by Mattias Ekholm.
11:27 of 3rd period - Phillip Danault wins face-off versus Luke Kunin in OKANAGAN RATTLESNAKES zone.
11:34 of 3rd period - Shot by Erik Haula.
11:34 of 3rd period - Stopped by Laurent Brossoit without a rebound.
11:35 of 3rd period - Phillip Danault wins face-off versus Anders Lee in OKANAGAN RATTLESNAKES zone.
11:35 of 3rd period - Phillip Danault is hit by Travis Dermott.
11:45 of 3rd period - Shot by Conor Sheary.
11:45 of 3rd period - Shot Misses the Net.
12:05 of 3rd period - Shot by Phillip Danault.
12:05 of 3rd period - Stopped by Laurent Brossoit without a rebound.
12:06 of 3rd period - Alexander Wennberg wins face-off versus Connor McDavid in OKANAGAN RATTLESNAKES zone.
12:13 of 3rd period - Shot by Alexander Wennberg.
12:13 of 3rd period - Shot Misses the Net.
12:15 of 3rd period - Shot by Jordan Eberle.
12:15 of 3rd period - Stopped by Darcy Kuemper without a rebound.
12:16 of 3rd period - Alexander Wennberg wins face-off versus Connor McDavid in ANCHORAGE ACES zone.
12:21 of 3rd period - Shot by Mattias Ekholm.
12:21 of 3rd period - Stopped by Darcy Kuemper without a rebound.
12:22 of 3rd period - Connor McDavid wins face-off versus Anders Lee in ANCHORAGE ACES zone.
12:30 of 3rd period - Off-side.
12:31 of 3rd period - Anders Lee wins face-off versus Nathan MacKinnon in neutral zone.
14:13 of 3rd period - Seth Jones is hit by Markus Nutivaara and loses puck.
14:38 of 3rd period - Phillip Danault is hit by Markus Nutivaara and loses puck.
14:59 of 3rd period - Shot by Phillip Danault.
14:59 of 3rd period - Goal by Phillip Danault - OKANAGAN RATTLESNAKES : 1 - ANCHORAGE ACES : 4.
15:00 of 3rd period - Oskar Sundqvist wins face-off versus Connor McDavid in neutral zone.
15:19 of 3rd period - Shot by Oskar Sundqvist.
15:19 of 3rd period - Stopped by Darcy Kuemper without a rebound.
15:20 of 3rd period - Casey Cizikas wins face-off versus Luke Kunin in ANCHORAGE ACES zone.
15:38 of 3rd period - Shot by Eric Robinson.
15:38 of 3rd period - Stopped by Darcy Kuemper without a rebound.
15:39 of 3rd period - Alexander Wennberg wins face-off versus Connor McDavid in ANCHORAGE ACES zone.
15:52 of 3rd period - Nikolaj Ehlers is hit by Markus Nutivaara and loses puck.
17:06 of 3rd period - Shot by Jonathan Audy-Marchessault.
17:06 of 3rd period - Stopped by Laurent Brossoit with a rebound.
17:08 of 3rd period - Shot by Jonathan Audy-Marchessault.
17:08 of 3rd period - Stopped by Laurent Brossoit without a rebound.
17:09 of 3rd period - Phillip Danault wins face-off versus Anders Lee in OKANAGAN RATTLESNAKES zone.
17:12 of 3rd period - Shot by Conor Sheary.
17:12 of 3rd period - Shot Blocked by Olli Maatta.
17:27 of 3rd period - T.J. Oshie is hit by Robert Bortuzzo and loses puck.
17:31 of 3rd period - Lars Eller is hit by Ryan Pulock.
17:42 of 3rd period - Shot by T.J. Oshie.
17:42 of 3rd period - Stopped by Darcy Kuemper with a rebound.
18:11 of 3rd period - Shot by Justin Faulk.
18:11 of 3rd period - Shot Misses the Net.
18:13 of 3rd period - Shot by Justin Faulk.
18:13 of 3rd period - Stopped by Darcy Kuemper without a rebound.
18:14 of 3rd period - Luke Kunin wins face-off versus Connor McDavid in ANCHORAGE ACES zone.
18:14 of 3rd period - Tyson Jost is hit by Ben Chiarot and loses puck.
18:20 of 3rd period - Off-side.
18:21 of 3rd period - Connor McDavid wins face-off versus Alexander Wennberg in neutral zone.
18:21 of 3rd period - Connor McDavid is hit by Jordan Eberle.
18:31 of 3rd period - Shot by Mike Hoffman.
18:31 of 3rd period - Shot Misses the Net.
18:54 of 3rd period - Shot by Mike Hoffman.
18:54 of 3rd period - Stopped by Darcy Kuemper without a rebound.
18:55 of 3rd period - Joshua Norris wins face-off versus Anders Lee in ANCHORAGE ACES zone.
19:07 of 3rd period - Shot by Lars Eller.
19:07 of 3rd period - Shot Blocked by Seth Jones.
19:09 of 3rd period - Shot by Lars Eller.
19:09 of 3rd period - Shot Blocked by Seth Jones.
19:11 of 3rd period - Shot by T.J. Oshie.
19:11 of 3rd period - Shot Blocked by Ben Chiarot.
19:13 of 3rd period - Shot by T.J. Oshie.
19:13 of 3rd period - Stopped by Darcy Kuemper without a rebound.
19:14 of 3rd period - Phillip Danault wins face-off versus Oskar Sundqvist in ANCHORAGE ACES zone.
19:21 of 3rd period - Shot by Erik Haula.
19:21 of 3rd period - Shot Misses the Net.
19:34 of 3rd period - Colin White is hit by Conor Sheary and loses puck.
19:41 of 3rd period - Phillip Danault is hit by Oskar Sundqvist and loses puck.
19:59 of 3rd period - Icing by Phillip Danault.
Goals for this period are 1 for OKANAGAN RATTLESNAKES vs 1 for ANCHORAGE ACES.
Shots for this period are 10 for OKANAGAN RATTLESNAKES vs 9 for ANCHORAGE ACES.


NATHAN
MACKINNON
PHILLIP
DANAULT
CONNOR
MCDAVID

EAST COAST

HOCKEY LEAGUE

  • 25.QUE4CHI5
  • 26.CHA2LIM3
  • 27.TRV2LON3
  • 28.CHW4BAL2
  • 29.PITMAN
  • 30.ATLNHW
  • 31.WORPET
  • 32.RHI